 Dungeon Sprint DCSS version 0.23.2-1-ga50397a6bc (webtiles) character file.

Game seed: 10486190442077312066

1715 Kobolds4U the Imperceptible (level 8, -11/37 HPs)
             Began as a Spriggan Assassin on May 29, 2019.
             Was an Initiate of Trog.
             Mangled by a hornet (17 damage)
             ... while paralysed by a hornet
             ... in the Dungeon (Sprint I: "Red Sonja").
             The game lasted 00:03:14 (501 turns).

Kobolds4U the Imperceptible (Spriggan Assassin)      Turns: 501, Time: 00:03:15

Health: -11/37     AC:  3    Str:  7    XL:     8   Next: 74%
Magic:  9/9        EV:  4    Int: 13    God:    Trog [......]
Gold:   235        SH:  0    Dex: 19    Spells: 7/7 levels left

rFire    . . .     SeeInvis +   a - +2 dagger
rCold    . . .     Gourm    .   (shield restricted)
rNeg     . . .     Faith    .   c - +0 robe
rPois    .         Spirit   .   (helmet restricted)
rElec    .         Reflect  .   d - +0 cloak
rCorr    .         Harm     .   (gloves unavailable)
MR       +....     NoTele   +   (boots unavailable)
Stlth    ++++++++..             (no amulet)
HPRegen  0.12/turn              (no ring)
MPRegen  0.11/turn              (no ring)

@: paralysed, lethally poisoned (-11 -> -27), very slightly contaminated,
slowed, very quick
A: very small, unfitting armour, see invisible, herbivore, speed 3, slow
metabolism 2
a: Renounce Religion


You were in the Dungeon.
You worshipped Trog.
Trog was noncommittal.
You were not hungry.

You visited 1 branch You collected 297 gold pieces.
You spent 62 gold pieces at shops.

Inventory:

Hand Weapons
 a - a +2 dagger (weapon)
 b - a +0 blowgun
 m - a +0 shortbow
Missiles
 e - 20 poisoned needles
 f - a curare-tipped needle
 o - 35 arrows
Armour
 c - a +0 robe (worn)
 d - a +0 cloak (worn)
Scrolls
 n - a scroll of identify {unknown}
Potions
 h - a potion of curing
 i - a potion of heal wounds
 j - a potion of haste
 k - 2 potions of magic
 l - a potion of berserk rage
Comestibles
 g - a ration


   Skills:
 * Level 1.5 Fighting
 - Level 2.1 Short Blades
 - Level 2.0 Throwing
 + Level 16.1 Dodging
 + Level 21.7 Stealth


You had 7 spell levels left.
You didn't know any spells.
Your spell library was empty.

Dungeon Overview and Level Annotations

Branches:
Dungeon (1/1)

Altars:
Cheibriados
Dithmenos
Elyvilon
Fedhas
Gozag
Hepliaklqana
Kikubaaqudgha
Makhleb
Nemelex Xobeh
Okawaru
Qazlal
Ru
Sif Muna
Trog
Uskayaw
Vehumet
Wu Jian
Xom
Yredelemnul
Zin
The Shining One
Jiyva
Lugonu

Shops:
D (


Innate Abilities, Weirdness & Mutations

You are very small and have problems with some larger weapons.
You are too small for most types of armour.
You have supernaturally acute eyesight. (SInv)
You are a herbivore.
You cover ground extremely quickly.
You need to consume almost no food.


Message History

Things that are here:
a cursed -3 shortbow; a centaur corpse You open the door.
A hornet comes into view.
Found 108 gold pieces.
The hornet buzzes angrily.
There is an open door here.
You barely miss the hornet. The hornet stings you.
You suddenly lose the ability to move!
The hornet stings you but does no damage.
The hornet barely misses you. The hornet stings you!
You are poisoned.
You feel yourself slow down.
You feel yourself speed up.
You feel sick. The hornet stings you!
* * * LOW HITPOINT WARNING * * *
You are more poisoned.
You feel yourself slow down. The hornet stings you!
You die...

##############
.'..#.)'..#__#
.#.)'..#..+J.+
###'#####'#__####
##..#...#.####[§####
_####..##(#§§≈§§#$§#
____##'#_.'≈§§§§@y.#
.∩...'§§._#§§≈§§#$§#
..__##§§#'##+#####+#
____###+#)# #####
###


You could see a hornet.

Vanquished Creatures
  2 centaur warriors (D)
  Sigmund (D)
  A yak (D)
  An ogre (D)
  A jelly (D)
  Ijyb (D)
7 creatures vanquished.

Notes
Turn   | Place    | Note
-------+----------+-------------------------------------------
     0 | D        | Kobolds4U the Spriggan Assassin began the quest for the
                  | Orb.
     0 | D        | Reached XP level 1. HP: 10/10 MP: 2/2
     1 | D        | Noticed Ijyb
    60 | D        | Killed Ijyb
    60 | D        | Reached skill level 10 in Stealth
    60 | D        | Reached XP level 2. HP: 11/14 MP: 3/3
    87 | D        | Noticed an ogre
    89 | D        | Killed an ogre
    89 | D        | Reached skill level 14 in Stealth
    89 | D        | Reached XP level 3. HP: 15/18 MP: 4/4
    89 | D        | Reached XP level 4. HP: 19/22 MP: 5/5
   128 | D        | Noticed Sigmund
   131 | D        | Killed Sigmund
   131 | D        | Reached skill level 18 in Stealth
   131 | D        | Reached XP level 5. HP: 25/25 MP: 6/6
   131 | D        | Reached XP level 6. HP: 30/30 MP: 7/7
   143 | D        | Found a burning altar of Makhleb.
   143 | D        | Found a viscous altar of Jiyva.
   143 | D        | Found a shimmering altar of Xom.
   143 | D        | Found a corrupted altar of Lugonu.
   143 | D        | Noticed a slime creature
   421 | D        | Found an ornate altar of the Wu Jian Council.
   421 | D        | Found a deep blue altar of Sif Muna.
   423 | D        | Found a radiant altar of Vehumet.
   456 | D        | Found Puopazaxt's Weapon Emporium.
   456 | D        | Found an ancient bone altar of Kikubaaqudgha.
   456 | D        | Found a hazy altar of Hepliaklqana.
   456 | D        | Found a stormy altar of Qazlal.
   456 | D        | Found a hide-covered altar of Uskayaw.
   456 | D        | Found a blossoming altar of Fedhas.
   456 | D        | Found a bloodstained altar of Trog.
   456 | D        | Found an iron altar of Okawaru.
   456 | D        | Found a basalt altar of Yredelemnul.
   456 | D        | Found a glowing golden altar of the Shining One.
   456 | D        | Found a snail-covered altar of Cheibriados.
   456 | D        | Found a sacrificial altar of Ru.
   456 | D        | Found a glowing silver altar of Zin.
   456 | D        | Found a shadowy altar of Dithmenos.
   456 | D        | Found a white marble altar of Elyvilon.
   456 | D        | Noticed a yak
   457 | D        | Found an opulent altar of Gozag.
   458 | D        | Killed a yak
   458 | D        | Reached skill level 19 in Stealth
   459 | D        | Found a sparkling altar of Nemelex Xobeh.
   463 | D        | Became a worshipper of Trog the Wrathful
   470 | D        | Bought 12 poisoned needles for 62 gold pieces
   479 | D        | Noticed a centaur warrior
   480 | D        | Noticed a centaur warrior
   483 | D        | Killed a centaur warrior
   483 | D        | Reached skill level 20 in Stealth
   483 | D        | Reached XP level 7. HP: 33/33 MP: 8/8
   483 | D        | Reached XP level 8. HP: 37/37 MP: 9/9
   484 | D        | Killed a centaur warrior
   484 | D        | Reached skill level 21 in Stealth
   496 | D        | Noticed a hornet
   498 | D        | Paralysed by a hornet for 3 turns
   501 | D        | Mangled by a hornet

Skill      XL: |  1  2  3  4  5  6  7  8 |
---------------+-------------------------+-----
Stealth        | 10 14 18 20 21 | 21.7
Dodging        | 13 16 | 16.1
Fighting       | |  1.5
Short Blades   | |  2.1
Throwing       | |  2.0

Action                   |  1- 3 |  4- 6 |  7- 9 || total
-------------------------+-------+-------+-------++-------
Melee: Dagger            |    12 |     7 |     2 ||    21
 Fire: Blowgun           |    10 |       |       ||    10
  Use: Scroll            |       |     1 |       ||     1
 Stab: Sleeping          |     1 |     4 |     1 ||     6
Armor: Robe              |     3 |       |     1 ||     4
Dodge: Dodged            |    11 |     2 |     1 ||    14
